 Dungeon Crawl Stone Soup version 0.27.1-2-g3b301248ec (webtiles) character file.

Game seed: 16989224363626885671

29125 Rickety the Destroyer (level 13, -3/98 HPs)
             Began as a Gnoll Conjurer on Sept 28, 2021.
             Was an Elder of Vehumet.
             Slain by a death yak (9 damage)
             ... while petrified by a catoblepas
             ... on level 6 of the Lair of Beasts.
             The game lasted 00:48:23 (18478 turns).

Rickety the Destroyer (Gnoll Conjurer)             Turns: 18478, Time: 00:48:24

Health: -3/98      AC:  9    Str:  6    XL:     13   Next: 43%
Magic:  12/26      EV:  2    Int: 22    God:    Vehumet [****..]
Gold:   936        SH:  0    Dex: 12    Spells: 5/31 levels left

rFire    + . .     SeeInvis .   a - staff of conjuration
rCold    + . .     Faith    .   i - +0 buckler
rNeg     + + +     Spirit   .   N - +0 steam dragon scales
rPois    ∞         Reflect  .   h - +0 hat {Will+}
rElec    .         Harm     .   o - scarf {rC+ rF+}
rCorr    .         Rampage  .   B - +1 pair of gloves
Will     +....                  (no boots)
Stlth    ++++......             g - amulet of the acrobat
HPRegen  0.26/turn              Q - ring of flight
MPRegen  0.20/turn              t - +4 ring of evasion

@: petrified, flying
A: fangs 1, strong nose, distributed training
a: Renounce Religion


You were on level 6 of the Lair of Beasts.
You worshipped Vehumet.
Vehumet was greatly pleased with you.
You visited 3 branches of the dungeon, and saw 15 of its levels.

You collected 936 gold pieces.

Inventory:

Hand Weapons
 b - a +0 dagger
Missiles
 m - 14 poisoned darts
 D - 2 curare-tipped darts
 K - 6 throwing nets
Armour
 h - a +0 hat of willpower (worn)
 i - a +0 buckler (worn)
 o - a scarf of resistance (worn)
 B - a +1 pair of gloves (worn)
 I - a +0 helmet
 N - +0 steam dragon scales (worn)
Magical Staves
 a - a staff of conjuration (weapon)
Jewellery
 d - an amulet of faith
 g - an amulet of the acrobat (around neck)
 t - a +4 ring of evasion (right hand)
 u - a ring of see invisible
 P - a ring of protection from fire
 Q - a ring of flight (left hand)
Wands
 e - a wand of paralysis (6)
 k - a wand of acid (9)
 n - a wand of mindburst (47)
 q - a wand of flame (26)
 w - a wand of iceblast (16)
 E - a wand of polymorph (10)
 F - a wand of digging (10)
Scrolls
 c - a scroll of teleportation
 j - a scroll of magic mapping {unknown}
 p - 5 scrolls of immolation
 r - 5 scrolls of identify
 s - 2 scrolls of amnesia
 y - a scroll of enchant armour {unknown}
 G - 5 scrolls of fog
 O - a scroll of blinking {unknown}
Potions
 f - a potion of brilliance {unknown}
 l - 2 potions of heal wounds
 v - 2 potions of resistance
 x - 2 potions of haste {unknown}
 z - a potion of curing {unknown}
 A - a potion of might {unknown}
 C - a potion of lignification {unknown}
 H - a potion of invisibility {unknown}
 J - a potion of attraction {unknown}
 M - a potion of flight {unknown}
 R - a potion of cancellation {unknown}
Miscellaneous
 L - a phial of floods


   Skills:
 + Level 8.3 Fighting
 + Level 8.3 Short Blades
 + Level 8.3 Long Blades
 + Level 8.3 Axes
 + Level 8.3 Maces & Flails
 + Level 8.3 Polearms
 + Level 8.3 Staves
 + Level 8.3 Slings
 + Level 8.3 Bows
 + Level 8.3 Crossbows
 + Level 8.3 Throwing
 + Level 8.3 Armour
 + Level 9.5 Dodging
 + Level 9.3 Stealth
 + Level 8.3 Shields
 + Level 8.3 Unarmed Combat
 + Level 9.7 Spellcasting
 + Level 9.9 Conjurations
 + Level 6.9 Hexes
 + Level 6.9 Summonings
 + Level 6.9 Necromancy
 + Level 6.9 Translocations
 + Level 6.9 Transmutations
 + Level 6.9 Fire Magic
 + Level 6.9 Ice Magic
 + Level 6.9 Air Magic
 + Level 6.9 Earth Magic
 + Level 6.9 Poison Magic
 + Level 9.1 Invocations
 + Level 8.3 Evocations


You had 5 spell levels left.
You knew the following spells:

 Your Spells              Type           Power      Damage    Failure   Level
a - Magic Dart            Conj           100%       1d8       1%          1
d - Dazzling Flash        Conj/Hex       100%       N/A       1%          3
e - Ensorcelled Hibernat  Hex/Ice        82%        N/A       1%          2
k - Iskenderun's Mystic   Conj/Tloc      64%        2d13      1%          4
m - Mephitic Cloud        Conj/Pois/Air  62%        N/A       1%          3
n - Fulminant Prism       Conj/Hex       32%        3d16      1%          4
r - Searing Ray           Conj           100%       3d7       1%          2
v - Poisonous Vapours     Pois/Air       82%        N/A       1%          2
F - Freezing Cloud        Conj/Ice/Air   31%        6-21      1%          5

Your spell library contained the following spells:

 Spells                   Type           Power      Damage    Failure   Level
 Hailstorm                Conj/Ice       64%        3d14      1%          4
 Animate Skeleton         Necr           82%        N/A       1%          1
 Apportation              Tloc           82%        N/A       1%          1
 Corona                   Hex            45%        N/A       1%          1
 Summon Small Mammal      Summ           100%       N/A       1%          1
 Call Imp                 Summ           41%        N/A       1%          2
 Corpse Rot               Necr/Air       N/A        N/A       1%          2
 Slow                     Hex            41%        N/A       1%          2
 Confusing Touch          Hex            41%        N/A       1%          3
 Frozen Ramparts          Ice            82%        1d10      1%          3
 Portal Projectile        Hex/Tloc       82%        N/A       1%          3
 Fireball                 Conj/Fire      32%        3d14      1%          5
 Yara's Violent Unravell  Hex/Tmut       20%        3d9       2%          5
 Ice Form                 Ice/Tmut       41%        N/A       3%          4
 Summon Ice Beast         Ice/Summ       41%        N/A       3%          4
 Blade Hands              Tmut           20%        N/A       10%         5
 Excruciating Wounds      Necr           20%        N/A       10%         5
 Metabolic Englaciation   Hex/Ice        20%        N/A       10%         5
 Silence                  Hex/Air        20%        N/A       10%         5
 Malign Gateway           Summ/Tloc      20%        N/A       97%         7
 Summon Horrible Things   Summ           20%        N/A       100%        8


Dungeon Overview and Level Annotations

Branches:
Dungeon (8/15)             Temple (1/1) D:4            Lair (6/6) D:8
 Shoals (0/4) Lair:4       Spider (0/4) Lair:2        Slime (0/5) Lair:5

Altars:
Ashenzari
Cheibriados
Dithmenos
Elyvilon
Fedhas
Gozag
Hepliaklqana
Kikubaaqudgha
Okawaru
Ru
Trog
Uskayaw
Vehumet
Xom
The Shining One
Jiyva

Annotations:
Lair:3 2 transporters, exclusion: ice statue, Renzlar's ghost, journeyman GnFi


Innate Abilities, Weirdness & Mutations

You have very sharp teeth.
Your uncanny sense of smell can sniff out nearby items.
Your experience applies equally to all skills.


Message History

The mystic blast hits the death yak.
The death yak is lightly wounded.
The death yak is knocked back by the mystic blast.
The mystic blast hits the death yak.
The death yak is heavily wounded.
The death yak is knocked back by the mystic blast.
You are engulfed in calcifying dust.
The death yak is engulfed in calcifying dust.
The death yak is moving more slowly.
Your fulminant prism crackles loudly.
Your fulminant prism explodes!
Your limbs are stiffening.
Unknown command.
You are engulfed in calcifying dust.
Your limbs have turned to stone.
Your fulminant prism explodes!
The blast of energy engulfs the death yak!!
The death yak is moderately wounded.
The death yak gores you!!
You hear an angry hiss.
You have turned to stone.
You are engulfed in calcifying dust.
The death yak gores you!! The death yak gores you.
A nearby plant withers and dies.
The death yak gores you. The death yak gores you! The death yak gores you.
The death yak gores you!
The death yak stops moving altogether!
The catoblepas gores you!! The death yak gores you!! The death yak gores you.
The catoblepas gores you!!
* * * LOW HITPOINT WARNING * * *
The death yak gores you.
* * * LOW HITPOINT WARNING * * *
The death yak completely misses you.
The death yak is no longer petrified.
The catoblepas barely misses you. The death yak completely misses you.
The death yak gores you!
* * * LOW HITPOINT WARNING * * *
The catoblepas gores you but does no damage.
The death yak gores you!!
* * * LOW HITPOINT WARNING * * *
The death yak gores you!!
You die...

..?........# ...
.................#
..#
8................#
..................
.................##
.................#
.................
.....YYY÷........
......Y@Y.÷......
.....÷...........
P....#......##...
...÷ ###..### . #..
#... .. #..## .
.... ....#


You could see 4 death yaks and a catoblepas.

Vanquished Creatures
  Gastronok (Lair:2)
  Harold (Lair:1)
  6 hydras
  3 catoblepae
  2 death yaks
  A manticore (Lair:4)
  7 elephants
  2 black mambas
  A gargoyle (D:8)
  10 cane toads
  3 komodo dragons
  4 rime drakes
  Grinder (D:4)
  A wind drake (Lair:4)
  A polar bear (Lair:6)
  2 hornets
  A tarantella (Lair:2)
  6 wyverns
  7 yaks
  4 basilisks
  5 steam dragons
  11 water moccasins
  5 black bears
  An ice beast (D:8)
  3 orc warriors
  3 sky beasts (D:8)
  20 wolves
  4 ogres
  2 centaurs
  2 phantoms
  Blork the orc (D:6)
  2 wyvern zombies
  12 bullfrogs
  A scorpion (D:5)
  A water moccasin skeleton (D:7)
  A howler monkey (D:5)
  3 wights (D:7)
  3 centaur zombies
  6 hounds
  5 orc priests
  3 iguanas
  A jelly (D:4)
  Crazy Yiuf (D:7)
  Natasha (thrice) (D:3)
  6 orc wizards
  A killer bee zombie (D:8)
  10 adders
  A river rat (D:5)
  A shadow imp (D:7)
  5 white imps
  3 ufetubi
  3 worms
  3 dart slugs
  32 orcs
  7 bats
  10 endoplasms
  2 giant cockroaches
  7 goblins
  7 hobgoblins
  3 kobolds
  5 quokkas
  8 ball pythons
  3 frilled lizards (D:1)
  5 rats
285 creatures vanquished.

Vanquished Creatures (others)
  58 fulminant prisms
  52 fungi
  38 plants
148 creatures vanquished.

Grand Total: 433 creatures vanquished

Notes
Turn   | Place    | Note
-------+----------+-------------------------------------------
     0 | D:1      | Rickety the Gnoll Conjurer began the quest for the Orb.
     0 | D:1      | Reached XP level 1. HP: 13/13 MP: 6/6
   134 | D:1      | Reached XP level 2. HP: 19/19 MP: 3/7
   137 | D:1      | Learned a level 2 spell: Searing Ray
   680 | D:1      | Reached XP level 3. HP: 25/25 MP: 6/9
   685 | D:1      | Reached skill level 5 in Spellcasting
   931 | D:1      | Found a faded altar of an unknown god.
  1175 | D:2      | Got the Grimoire of the Bewitching Arsonist
  1185 | D:2      | Reached skill level 1 in Invocations
  1263 | D:2      | Reached skill level 1 in Fighting
  1263 | D:2      | Reached skill level 1 in Short Blades
  1263 | D:2      | Reached skill level 1 in Long Blades
  1263 | D:2      | Reached skill level 1 in Axes
  1263 | D:2      | Reached skill level 1 in Maces & Flails
  1263 | D:2      | Reached skill level 1 in Polearms
  1263 | D:2      | Reached skill level 1 in Staves
  1263 | D:2      | Reached skill level 1 in Slings
  1263 | D:2      | Reached skill level 1 in Bows
  1263 | D:2      | Reached skill level 1 in Crossbows
  1263 | D:2      | Reached skill level 1 in Throwing
  1263 | D:2      | Reached skill level 1 in Armour
  1263 | D:2      | Reached skill level 1 in Shields
  1263 | D:2      | Reached skill level 1 in Unarmed Combat
  1263 | D:2      | Reached skill level 1 in Evocations
  1435 | D:2      | Reached XP level 4. HP: 32/32 MP: 4/11
  1815 | D:2      | Found an ancient bone altar of Kikubaaqudgha.
  1987 | D:3      | Reached skill level 1 in Hexes
  1987 | D:3      | Reached skill level 1 in Summonings
  1987 | D:3      | Reached skill level 1 in Necromancy
  1987 | D:3      | Reached skill level 1 in Translocations
  1987 | D:3      | Reached skill level 1 in Transmutations
  1987 | D:3      | Reached skill level 1 in Fire Magic
  1987 | D:3      | Reached skill level 1 in Ice Magic
  1987 | D:3      | Reached skill level 1 in Air Magic
  1987 | D:3      | Reached skill level 1 in Earth Magic
  1987 | D:3      | Reached skill level 1 in Poison Magic
  2148 | D:3      | Noticed Natasha
  2151 | D:3      | Killed Natasha
  2152 | D:3      | Reached XP level 5. HP: 37/37 MP: 5/12
  2475 | D:3      | Found a blossoming altar of Fedhas.
  2579 | D:3      | Reached XP level 6. HP: 39/44 MP: 8/13
  2581 | D:3      | Noticed Natasha
  2592 | D:3      | Killed Natasha
  2715 | D:3      | Noticed Natasha
  2717 | D:3      | Killed Natasha
  2934 | D:3      | Reached skill level 5 in Dodging
  3753 | D:4      | Found a shadowy altar of Dithmenos.
  3784 | D:4      | Found a hazy altar of Hepliaklqana.
  3793 | D:4      | Found a snail-covered altar of Cheibriados.
  4069 | D:4      | Reached XP level 7. HP: 50/50 MP: 11/15
  4350 | D:4      | Found a staircase to the Ecumenical Temple.
  4360 | Temple   | Entered the Ecumenical Temple
  4610 | D:4      | Noticed Grinder
  4633 | D:4      | Killed Grinder
  4634 | D:4      | Reached skill level 5 in Stealth
  4682 | D:4      | Found a glowing golden altar of the Shining One.
  4716 | D:4      | Found a radiant altar of Vehumet.
  4877 | D:4      | Became a worshipper of Vehumet
  4913 | D:5      | Entered Level 5 of the Dungeon
  4964 | D:5      | Reached XP level 8. HP: 43/57 MP: 4/16
  6024 | D:6      | Reached * piety under Vehumet
  6024 | D:6      | Offered knowledge of Foxfire by Vehumet.
  6029 | D:6      | Learned a level 3 spell: Mephitic Cloud
  6032 | D:6      | Learned a level 2 spell: Ensorcelled Hibernation
  6035 | D:6      | Learned a level 2 spell: Poisonous Vapours
  6101 | D:6      | Noticed Blork the orc
  6105 | D:6      | Killed Blork the orc
  6245 | D:6      | Reached XP level 9. HP: 65/65 MP: 11/18
  7493 | D:7      | Found a runed translucent door.
  7494 | D:7      | Noticed Crazy Yiuf
  8003 | D:7      | Reached skill level 5 in Invocations
  8394 | D:7      | Killed Crazy Yiuf
  8670 | D:8      | Noticed a hornet
  8676 | D:8      | Reached XP level 10. HP: 60/73 MP: 12/20
  8906 | D:8      | Noticed a death yak
  8940 | D:8      | Noticed a gargoyle
  8952 | D:8      | Reached ** piety under Vehumet
  8953 | D:8      | Reached skill level 5 in Fighting
  8953 | D:8      | Reached skill level 5 in Short Blades
  8953 | D:8      | Reached skill level 5 in Long Blades
  8953 | D:8      | Reached skill level 5 in Axes
  8953 | D:8      | Reached skill level 5 in Maces & Flails
  8953 | D:8      | Reached skill level 5 in Polearms
  8953 | D:8      | Reached skill level 5 in Staves
  8953 | D:8      | Reached skill level 5 in Slings
  8953 | D:8      | Reached skill level 5 in Bows
  8953 | D:8      | Reached skill level 5 in Crossbows
  8953 | D:8      | Reached skill level 5 in Throwing
  8953 | D:8      | Reached skill level 5 in Armour
  8953 | D:8      | Reached skill level 5 in Shields
  8953 | D:8      | Reached skill level 5 in Unarmed Combat
  8953 | D:8      | Reached skill level 5 in Evocations
  8954 | D:8      | Killed a gargoyle
  8954 | D:8      | Offered knowledge of Shock by Vehumet.
  9268 | D:8      | Found a staircase to the Lair.
  9993 | D:8      | Killed a death yak
 10251 | Lair:1   | Entered Level 1 of the Lair of Beasts
 10254 | Lair:1   | Noticed Harold
 10278 | Lair:1   | Killed Harold
 10279 | Lair:1   | Reached XP level 11. HP: 49/81 MP: 20/22
 10596 | Lair:1   | Learned a level 4 spell: Fulminant Prism
 10601 | Lair:1   | Learned a level 4 spell: Iskenderun's Mystic Blast
 10605 | Lair:1   | Learned a level 3 spell: Dazzling Flash
 10720 | Lair:1   | Offered knowledge of Stone Arrow by Vehumet.
 10721 | Lair:1   | Reached skill level 5 in Hexes
 10721 | Lair:1   | Reached skill level 5 in Summonings
 10721 | Lair:1   | Reached skill level 5 in Necromancy
 10721 | Lair:1   | Reached skill level 5 in Translocations
 10721 | Lair:1   | Reached skill level 5 in Transmutations
 10721 | Lair:1   | Reached skill level 5 in Fire Magic
 10721 | Lair:1   | Reached skill level 5 in Ice Magic
 10721 | Lair:1   | Reached skill level 5 in Air Magic
 10721 | Lair:1   | Reached skill level 5 in Earth Magic
 10721 | Lair:1   | Reached skill level 5 in Poison Magic
 10979 | Lair:1   | Identified the amulet "Ytaonk" {Spirit rF- Dex+6}
 11716 | Lair:2   | Noticed Gastronok
 12129 | Lair:2   | Reached *** piety under Vehumet
 12352 | Lair:2   | Found a hole to the Spider Nest.
 12770 | Lair:2   | Noticed a catoblepas
 12795 | Lair:2   | Killed a catoblepas
 13112 | Lair:3   | Noticed a four-headed hydra
 13118 | Lair:3   | Killed a four-headed hydra
 13223 | Lair:2   | Killed Gastronok
 13224 | Lair:2   | Reached XP level 12. HP: 66/91 MP: 4/24
 13469 | Lair:3   | Noticed Renzlar's ghost (journeyman GnFi)
 13473 | Lair:3   | Found a transporter.
 13626 | Lair:3   | Found a transporter.
 14237 | Lair:3   | Noticed a catoblepas
 14272 | Lair:3   | Killed a catoblepas
 14490 | Lair:4   | Found a staircase to the Shoals.
 14498 | Lair:4   | Offered knowledge of Hailstorm by Vehumet.
 14653 | Lair:4   | Noticed a five-headed hydra
 14661 | Lair:4   | Killed a five-headed hydra
 15072 | Lair:4   | Noticed a catoblepas
 15086 | Lair:4   | Killed a catoblepas
 16093 | Lair:5   | Noticed a seven-headed hydra
 16102 | Lair:5   | Killed a seven-headed hydra
 16103 | Lair:5   | Reached XP level 13. HP: 70/98 MP: 26/26
 16341 | Lair:5   | Learned a level 5 spell: Freezing Cloud
 16657 | Lair:5   | Found a viscous altar of Jiyva.
 16658 | Lair:5   | Found a staircase to the Slime Pits.
 17012 | Lair:6   | Entered Level 6 of the Lair of Beasts
 18365 | Lair:6   | Reached **** piety under Vehumet
 18478 | Lair:6   | Slain by a death yak

Illustrated notes

Levels and vault maps discovered:
D:1:      scummos_arrival_star, layout_basic, hellmonk_ecumenical_altar_zigzags
D:2:      layout_rooms, basic_altar, kennysheep_path_1, minmay_door_square,
          serial_park_tiny_2, kennysheep_generic_room_4
D:3:      layout_basic, fedhas_altar_1, uniq_natasha
D:4:      minmay_skewed_foursquare, layout_loops_ring,
          grunt_temple_overflow_open, kennysheep_mini_moat,
          mainiacjoe_overflow_catch_the_wave, temple_hall, serial_bayou_pond_e,
          uniq_grinder
D:5:      layout_cave_pools, gup_sewer_entry_bowl, dk_vineyard_1
D:6:      layout_loops_ring, uniq_blork_the_orc
D:7:      layout_gridville, dk_noncrumbling_2, minmay_misc_feat_encased,
          nicolae_benzene_ring, uniq_crazy_yiuf_cottage
D:8:      layout_gridville, david_lair_generic, chequers_serial_rivers_micro_c,
          mrwooster_statue_mirror, hangedman_misty_isle
Temple:   nicolae_temple_figure_zero
Lair:1:   layout_cave_pods, infiniplex_staircase_pool_2, grunt_megastairs_2,
          lemuel_fruit_fields, uniq_harold
Lair:2:   layout_regular_city, spider_nest_entry_rubble, grunt_megastairs_4,
          uniq_gastronok
Lair:3:   layout_regular_city, nzn_ghost_randoct, hibernation_bobbens
Lair:4:   layout_long_grid, minmay_shoals_entry_beasts
Lair:5:   layout_regular_city, slime_altar_1, uniq_rupert
Lair:6:   evilmike_catoblepas_cave, layout_regular_city

Skill      XL: |  1  2  3  4  5  6  7  8  9 10 11 12 13 |
---------------+----------------------------------------+-----
Spellcasting   | 5 6 7 8 9 |  9.7
Invocations    | 1 2 3 4 5 6 7 8 9 |  9.1
Fighting       | 1 2 3 4 5 7 8 |  8.3
Short Blades   | 1 2 3 4 5 7 8 |  8.3
Long Blades    | 1 2 3 4 5 7 8 |  8.3
Axes           | 1 2 3 4 5 7 8 |  8.3
Maces & Flails | 1 2 3 4 5 7 8 |  8.3
Polearms       | 1 2 3 4 5 7 8 |  8.3
Staves         | 1 2 3 4 5 7 8 |  8.3
Slings         | 1 2 3 4 5 7 8 |  8.3
Bows           | 1 2 3 4 5 7 8 |  8.3
Crossbows      | 1 2 3 4 5 7 8 |  8.3
Throwing       | 1 2 3 4 5 7 8 |  8.3
Armour         | 1 2 3 4 5 7 8 |  8.3
Shields        | 1 2 3 4 5 7 8 |  8.3
Unarmed Combat | 1 2 3 4 5 7 8 |  8.3
Evocations     | 1 2 3 4 5 7 8 |  8.3
Hexes          | 1 2 3 4 5 6 |  6.9
Summonings     | 1 2 3 4 5 6 |  6.9
Necromancy     | 1 2 3 4 5 6 |  6.9
Translocations | 1 2 3 4 5 6 |  6.9
Transmutations | 1 2 3 4 5 6 |  6.9
Fire Magic     | 1 2 3 4 5 6 |  6.9
Ice Magic      | 1 2 3 4 5 6 |  6.9
Air Magic      | 1 2 3 4 5 6 |  6.9
Earth Magic    | 1 2 3 4 5 6 |  6.9
Poison Magic   | 1 2 3 4 5 6 |  6.9
Dodging        | 5 6 7 8 9 |  9.5
Stealth        | 5 6 7 8 9 |  9.3
Conjurations   | 8 9 |  9.9

Action                   |  1- 3 |  4- 6 |  7- 9 | 10-12 | 13-15 || total
-------------------------+-------+-------+-------+-------+-------++-------
Melee: Unarmed           |     7 |       |       |       |       ||     7
       Dagger            |     2 |       |       |    35 |     5 ||    42
       Staff             |       |       |     5 |    37 |     9 ||    51
       Bite              |       |       |       |     9 |     2 ||    11
 Cast: Magic Dart        |    56 |    62 |    85 |    76 |     9 ||   288
       Searing Ray       |     2 |    19 |    52 |    72 |     8 ||   153
       Mephitic Cloud    |       |       |     2 |     8 |     1 ||    11
       Poisonous Vapours |       |       |       |    26 |     7 ||    33
       Fulminant Prism   |       |       |       |    32 |    26 ||    58
       Iskenderun's Myst |       |       |       |    21 |    20 ||    41
       Ensorcelled Hiber |       |       |       |       |    10 ||    10
       Freezing Cloud    |       |       |       |       |     5 ||     5
       Dazzling Flash    |       |       |       |       |     1 ||     1
  Use: Scroll            |       |       |       |     9 |     1 ||    10
       Potion            |       |       |       |       |     1 ||     1
 Stab: Sleeping          |       |       |     2 |     4 |     3 ||     9
       Confused          |       |       |       |    10 |       ||    10
Armor: Leather armour    |     5 |     3 |     3 |     1 |       ||    12
       Steam dragon scal |       |       |       |    14 |    27 ||    41
Dodge: Dodged            |    13 |    13 |    61 |   130 |    71 ||   288
Block: Buckler           |       |       |       |    20 |    22 ||    42
